 Dungeon Crawl Stone Soup version 0.31-a0-859-g9dce7d3444 (webtiles) character file.

Game seed: 5296987992964257854

129570 arthad the Warrior (level 16, -2/153 HPs)
             Began as a Minotaur Fighter on Oct 7, 2023.
             Was an Initiate of Gozag.
             Slain by an alligator (17 damage)
             ... while paralysed by a fenstrider witch
             ... on level 4 of the Swamp on Oct 10, 2023.
             The game lasted 00:50:42 (20887 turns).

arthad the Warrior (Minotaur Fighter)              Turns: 20887, Time: 00:50:43

Health: -2/153     AC: 22    Str: 29    XL:     16   Next: 51%
Magic:  15/15      EV:  2    Int:  3    God:    Gozag
Gold:   6906       SH:  0    Dex: 10    Spells: 15/15 levels left

rFire   . . .        s - +7 broad axe of Heuq {distort, *Corrode rC++}
rCold   + + +        Q - +0 tower shield
rNeg    . . .        V - +5 ring mail of the Turtledove {Regen+}
rPois   .            (helmet restricted)
rElec   .            o - +0 cloak {rC+}
rCorr   +            f - +0 pair of gloves
SInv    .            T - +2 pair of boots {rampage}
Will    +....        i - amulet of regeneration Stlth
                     Z - ring of resist corrosion
HPRegen 2.05/turn    h - ring of the Octopus King {Fly HP+2 AC+2 EV+2 SH+2}
MPRegen 0.14/turn

%: corrode self (3%), rampage
@: paralysed, flying, studying 2 skills
A: horns 2, retaliatory headbutt, dopey 1
a: Renounce Religion, Potion Petition, Call Merchant, Bribe Branch


You were on level 4 of the Swamp.
You worshipped Gozag.
Gozag was greatly pleased with you.
You visited 5 branches of the dungeon, and saw 26 of its levels.
You also visited: Ossuary and Ice Cave.

You collected 9302 gold pieces.
You spent 1565 gold pieces at shops.
You paid 831 gold pieces to Gozag.

Inventory:

Hand Weapons
 a - a +1 spectral war axe
 s - the +7 broad axe of Heuq (weapon) {distort, *Corrode rC++}
   (You acquired it on level 2 of the Orcish Mines)

   rC++:      It greatly protects you from cold.
   *Corrode:  It may corrode you when you take damage.
 t - the +5 executioner's axe "Eta Gaiss" {heavy, MP+9}
   (You acquired it in an ice cave)

   MP+9:      It affects your magic capacity (+9).
 U - a +0 eveningstar of freezing
Missiles
 n - 7 poisoned darts (quivered)
 u - 4 silver javelins
 y - 5 throwing nets
 G - 28 boomerangs
 H - 6 javelins
Armour
 f - a +0 pair of gloves (worn)
 o - a +0 cloak of cold resistance (worn)
 E - the +4 Cigotuvi's embrace {Corpsefed rMiasma Drain rN+}
   (You bought it in a shop on level 2 of the Orcish Mines)

   Corpsefed: It gathers nearby corpses to temporarily increase the armour it
   provides.
   rMiasma:   It protects you from foul pestilence.
   rN+:       It protects you from negative energy.
   Drain:     It drains your maximum health when unequipped.
 Q - a +0 tower shield (worn)
 T - a +2 pair of boots of rampaging (worn)
 V - the +5 ring mail of the Turtledove (worn) {Regen+}
   (You found it on level 3 of the Lair of Beasts)

   Regen+:    It increases your rate of health regeneration.
Jewellery
 h - a ring of the Octopus King (right hand) {Fly HP+2 AC+2 EV+2 SH+2}
   (You found it on level 5 of the Lair of Beasts)

   [ring of flight]

   AC+2:      It affects your AC (+2).
   EV+2:      It affects your evasion (+2).
   HP+2:      It affects your health (+2).
   Fly:       It grants you flight.
   SH+2:      It affects your SH (+2).
 i - an amulet of regeneration (around neck)
 z - a +5 ring of evasion
 S - a ring of see invisible
 W - the ring "Semiotew" {Ice rElec rN+++ Str+2 Dex-2}
   (You found it on level 5 of the Lair of Beasts)

   [ring of ice]

   Ice:       It enhances your ice magic.
   Str+2:     It affects your strength (+2).
   Dex-2:     It affects your dexterity (-2).
   rF-:       It makes you vulnerable to fire.
   rC+:       It protects you from cold.
   rElec:     It insulates you from electricity.
   rN+++:     It renders you almost immune to negative energy.
 Y - a ring of fire
 Z - a ring of resist corrosion (left hand)
Talismans
 R - a granite talisman
Wands
 c - a wand of digging (6)
 B - a wand of flame (34)
 D - a wand of roots (13)
 F - a wand of acid (11)
 I - a wand of polymorph (21)
 M - a wand of paralysis (31)
 O - a wand of mindburst (15)
Scrolls
 g - a scroll of revelation
 l - 3 scrolls of fog
 p - 4 scrolls of fear
 r - a scroll of blinking
 v - 4 scrolls of enchant weapon
 A - 8 scrolls of teleportation
 C - 2 scrolls of immolation
 J - a scroll of summoning
 N - 3 scrolls of poison
 P - a scroll of enchant armour
Potions
 b - 7 potions of ambrosia
 d - 2 potions of might
 e - 4 potions of enlightenment
 j - 4 potions of curing
 k - a potion of heal wounds
 m - 4 potions of lignification
 q - 2 potions of cancellation
 x - a potion of resistance
 K - 5 potions of haste
 L - 3 potions of berserk rage
 X - a potion of magic
Miscellaneous
 w - a phial of floods


   Skills:
 * Level 16.0 Fighting
 * Level 15.7 Axes
 - Level 6.0 Throwing
 * Level 15.8 Armour
 + Level 10.0 Dodging
 * Level 15.8 Shields
 - Level 6.0 Evocations
 * Level 7.8 Shapeshifting


You had 15 spell levels left.
You didn't know any spells.
Your spell library contained the following spells:

 Spells                   Type           Power      Damage    Failure   Level
 Foxfire                  Conj/Fire      0%         2x1d4     85%         1
 Magic Dart               Conj           0%         1d3       85%         1
 Necrotise                Necr           0%         1d4       85%         1
 Sandblast                Erth           0%         2d4       85%         1
 Shock                    Conj/Air       0%         1d3       85%         1
 Cigotuvi's Dreadful Rot  Necr/Pois/Air  0%         N/A       94%         2
 Passwall                 Tmut/Erth      0%         N/A       94%         2
 Searing Ray              Conj           0%         2d4       94%         2
 Sublimation of Blood     Necr           0%         N/A       94%         2
 Wereblood                Tmut           0%         N/A       94%         2
 Frozen Ramparts          Ice            0%         1d1       99%         3
 Ignite Poison            Fire/Tmut/Pois 0%         N/A       99%         3
 Ozocubu's Armour         Ice            0%         N/A       99%         3
 Stone Arrow              Conj/Erth      0%         3d7       99%         3
 Swiftness                Air            0%         N/A       99%         3
 Tukima's Dance           Hex            0%         N/A       99%         3
 Vampiric Draining        Necr           0%         2d6       99%         3
 Airstrike                Air            0%         2d(0-16)  100%        4
 Brom's Barrelling Bould  Conj/Erth      0%         2d3       100%        4
 Fulminant Prism          Conj/Hex       0%         3d5       100%        4
 Leda's Liquefaction      Hex/Erth       0%         N/A       100%        4
 Passage of Golubria      Tloc           0%         N/A       100%        4
 Petrify                  Tmut/Erth      0%         N/A       100%        4
 Sticky Flame             Conj/Fire      0%         2d3       100%        4
 Vhi's Electric Charge    Tloc/Air       0%         N/A       100%        4
 Agony                    Necr           0%         N/A       100%        5
 Alistair's Intoxication  Tmut/Pois      0%         N/A       100%        5
 Arcjolt                  Conj/Air       0%         1d10      100%        5
 Borgnjor's Vile Clutch   Necr/Erth      0%         N/A       100%        5
 Lee's Rapid Deconstruct  Erth           0%         3d4*      100%        5
 Metabolic Englaciation   Hex/Ice        0%         N/A       100%        5
 Yara's Violent Unravell  Hex/Tmut       0%         3d3       100%        5
 Bombard                  Conj/Erth      0%         9d1       100%        6
 Eringya's Noxious Bog    Tmut/Pois      0%         4d6       100%        6
 Plasma Beam              Fire/Air       0%         2x1d10    100%        6
 Starburst                Conj/Fire      0%         6d3       100%        6
 Summon Hydra             Summ           0%         N/A       100%        7
 Ignition                 Fire           0%         3d3       100%        8
 Animate Dead             Necr           Unusable   N/A       N/A         4
 Simulacrum               Ice/Necr       Unusable   N/A       N/A         6

Dungeon Overview and Level Annotations

Branches:
Dungeon (14/15)            Temple (1/1) D:5            Lair (5/5) D:8
  Swamp (4/4) Lair:2       Spider (0/4) Lair:2        Slime (0/5) Lair:4
    Orc (2/2) D:10            Elf (0/3) Orc:2        Vaults (0/5) D:13
Ossuary (visited)           IceCv (visited)

Altars:
Ashenzari
Cheibriados
Dithmenos
Elyvilon
Fedhas
Gozag
Hepliaklqana
Kikubaaqudgha
Makhleb
Nemelex Xobeh
Okawaru
Qazlal
Ru
Sif Muna
Trog
Uskayaw
Vehumet
Wu Jian
Xom
Yredelemnul
Zin
The Shining One
Jiyva

Shops:
D:10 :   Orc:2 ::(=?[

Annotations:
D:13 3 runed translucent doors, Fiwishre's ghost, journeyman DjFE


Innate Abilities, Weirdness & Mutations

You have a pair of horns on your head.
You reflexively headbutt those who attack you in melee.
You are dopey. (Int -2)


Message History

The eleionoma hurls a spray of splinters at you.
The spray of wooden splinters misses you.
The swamp drake breathes poison at you.
An alligator comes into view.
The eleionoma hurls a spray of splinters at you.
The spray of wooden splinters hits you but does no damage.
You hear a crashing sound.
You hit the eleionoma.
Space warps around the eleionoma.
The eleionoma is heavily wounded.
You miss the fenstrider witch.
The fenstrider witch gestures at you while chanting.
Your body is wracked with pain!
The fenstrider witch points at you and mumbles some strange words.
You suddenly lose the ability to move!
The eleionoma hits you but does no damage.
The fenstrider witch hits you but does no damage.
The fenstrider witch kicks you!
The eleionoma hits you but does no damage.
The fenstrider witch hits you. The fenstrider witch kicks you!
The eleionoma hits you!
* * * LOW HITPOINT WARNING * * *
The fenstrider witch hits you but does no damage.
The fenstrider witch kicks you but does no damage.
The bog body touches you!
* * * LOW HITPOINT WARNING * * *
The bog body freezes you. You resist.
* * * LOW HITPOINT WARNING * * *
The eleionoma hits you but does no damage.
You hear a crashing sound.
The fenstrider witch hits you but does no damage.
The fenstrider witch kicks you but does no damage.
The bog body touches you but does no damage.
The fenstrider witch gestures at you while chanting.
Your body is wracked with pain!
* * * LOW HITPOINT WARNING * * *
The eleionoma hits you.
* * * LOW HITPOINT WARNING * * *
The alligator bites you!
You die...
Your body crumbles into a pile of gold.

♣♣♣ ♣♣♣♣♣♣♣~♣♣
♣..~~.~~.♣♣
♣♣♣♣♣.~<.~~~~.♣
♣♣..~♣~..~.~~~~♣
.♣♣..~~t$~♣♣♣~~~.♣
~.[~~~~H@.~♣♣♣.~.♣
.~~~~~.RnD~♣ ♣♣..♣
♣.~~...♣~k♣♣ ♣~.♣
~...~~...♣♣ ♣♣♣♣
~~~~..°~~~...§♣
~.~~~..~~~~..<♣
.~..§..~~~~.~♣♣
~.......~...♣~♣
###...##~~♣♣♣ ♣


You could see an eleionoma, a six-headed hydra, an alligator, a fenstrider
witch, a bog body and a swamp drake.

Vanquished Creatures
  Kirke (D:13)
  Donald (Swamp:1)
  2 frost giants
  An orc warlord (Orc:2)
  A reaper (IceCv)
  Nessos (Lair:5)
  2 eleionomae
  A bunyip (Swamp:1)
  3 shambling mangroves
  8 vault guards (D:13)
  Fannar (Lair:1)
  2 ghost crabs
  A catoblepas (Lair:5)
  6 hydras
  6 alligators
  2 ogre magi (Orc:2)
  A merfolk avatar (Lair:5)
  2 boulder beetles
  3 centaur warriors
  11 two-headed ogres
  3 death yaks (Lair:5)
  A skyshark (Lair:5)
  9 goliath frogs
  A sea snake (Lair:5)
  A pharaoh ant (Lair:2)
  A wizard (D:14)
  2 bog bodies
  5 spriggan druids (Swamp:1)
  2 deep trolls (Orc:2)
  2 orc knights
  A swamp dragon (Swamp:2)
  2 harpies (Lair:5)
  2 deep elf pyromancers (D:13)
  4 ugly things (D:13)
  5 will-o-the-wisps
  2 cyclopes (Orc:2)
  7 elephants
  5 manticores
  An ice statue (IceCv)
  4 black mambas
  15 cane toads
  A yaktaur (D:14)
  An efreet (D:13)
  5 rime drakes
  An unseen horror (D:12)
  A kobold demonologist (D:11)
  16 komodo dragons
  An anaconda simulacrum (IceCv)
  A queen bee (Lair:3)
  20 trolls
  A tarantella (Lair:2)
  A hydra zombie (Swamp:1)
  5 tyrant leeches
  A troll (shapeshifter) (D:13)
  20 blink frogs
  12 hornets
  4 polar bears
  6 dream sheep (Lair:5)
  A centaur simulacrum (D:14)
  6 slime creatures (D:12)
  8 spriggans
  2 jumping spiders (Lair:2)
  2 dire elephant simulacra (IceCv)
  55 yaks
  2 wraiths
  9 wyverns
  A hog (D:13)
  A human (D:13)
  A vampire (D:13)
  5 steam dragons
  5 basilisks
  12 vampire mosquitoes
  18 swamp worms
  A death yak simulacrum (IceCv)
  3 harpy simulacra (IceCv)
  A two-headed ogre zombie (D:10)
  An acid dragon (D:8)
  2 wargs
  14 water moccasins
  3 swamp drakes
  A sky beast (D:7)
  27 orc warriors
  4 black bears
  An ice beast (D:8)
  3 wolves (Lair:1)
  7 centaurs
  19 ogres
  5 phantoms
  A kobold brigand (D:8)
  8 bullfrogs
  4 cane toad simulacra
  14 scorpions
  6 two-headed ogre simulacra
  2 gnoll sergeants
  12 wights
  A troll zombie (D:10)
  49 killer bees
  An elephant simulacrum (IceCv)
  6 howler monkeys
  2 vampire bats (D:7)
  A wyvern simulacrum (D:6)
  A human zombie (Ossuary)
  3 jellies
  A centaur zombie (Ossuary)
  2 hounds
  14 orc priests
  Crazy Yiuf (D:7)
  2 gnoll boudas
  2 bullfrog skeletons (D:6)
  5 iguanas
  Terence (D:2)
  20 orc wizards
  3 polar bear simulacra
  10 troll simulacra
  7 spriggan simulacra (IceCv)
  4 scorpion zombies (Ossuary)
  2 wolf simulacra (IceCv)
  6 ogre zombies (D:10)
  3 mummies (Ossuary)
  23 gnolls
  6 adders
  7 naga simulacra
  A howler monkey simulacrum (D:6)
  10 white imps
  4 ufetubi (IceCv)
  4 worms
  A dart slug (D:2)
  75 orcs
  4 bats
  3 bat skeletons (D:7)
  3 bat zombies (D:7)
  9 endoplasms
  3 giant cockroaches
  2 gnoll zombies (Ossuary)
  15 goblins
  7 hobgoblins
  3 quokkas
  3 ball pythons (D:2)
  4 frilled lizards
  4 goblin zombies
  2 hobgoblin skeletons (D:10)
  5 hobgoblin zombies
  11 kobolds
  4 kobold zombies (Ossuary)
  4 orc skeletons (D:10)
  18 orc zombies
  A rat (D:3)
  A spectral hobgoblin (D:6)
  A butterfly (D:5)
880 creatures vanquished.

Vanquished Creatures (others)
  A cyclops (D:13)
  4 bloated husks
  A spriggan (Swamp:2)
  4 humans (D:13)
  24 foxfires
  9 spectral weapons
43 creatures vanquished.

Grand Total: 923 creatures vanquished

Notes
Turn   | Place    | Note
-------+----------+-------------------------------------------
     0 | D:1      | arthad the Minotaur Fighter began the quest for the Orb.
     0 | D:1      | Reached XP level 1. HP: 19/19 MP: 0/0
   662 | D:1      | Reached XP level 2. HP: 19/27 MP: 1/1
   964 | D:2      | Reached skill level 4 in Fighting
   995 | D:2      | Found an ornate altar of the Wu Jian Council.
  1014 | D:2      | Reached XP level 3. HP: 33/33 MP: 2/2
  1298 | D:2      | Noticed Terence
  1301 | D:2      | Reached XP level 4. HP: 35/40 MP: 3/3
  1305 | D:2      | Killed Terence
  1470 | D:3      | Noticed a scorpion
  1475 | D:3      | Killed a scorpion
  1476 | D:3      | Reached XP level 5. HP: 47/47 MP: 4/4
  1510 | D:3      | Found a broken altar of Ashenzari.
  2291 | D:4      | Noticed an ogre
  2319 | D:4      | Reached skill level 5 in Shields
  2568 | D:4      | Noticed a water moccasin
  2579 | D:4      | Killed a water moccasin
  2580 | D:4      | Reached skill level 5 in Fighting
  2580 | D:4      | Reached skill level 5 in Armour
  2580 | D:4      | Reached XP level 6. HP: 27/56 MP: 5/5
  2761 | D:4      | Found a hide-covered altar of Uskayaw.
  2792 | D:5      | Entered Level 5 of the Dungeon
  2818 | D:5      | Found a staircase to the Ecumenical Temple.
  2842 | Temple   | Entered the Ecumenical Temple
  2927 | Temple   | Became a worshipper of Gozag Ym Sagoz the Greedy
  3031 | D:5      | Reached skill level 5 in Axes
  3031 | D:5      | Reached XP level 7. HP: 62/62 MP: 6/6
  3122 | D:5      | Reached skill level 1 in Dodging
  3257 | D:5      | Reached skill level 1 in Throwing
  3263 | D:5      | Reached skill level 6 in Fighting
  3537 | D:6      | Reached XP level 8. HP: 71/71 MP: 7/7
  3593 | D:6      | Reached skill level 7 in Fighting
  3598 | D:6      | Identified the +10 dagger of the Slime-mould {pain, *Noise
                  | rF+ Dex+3 Stlth+}
  3770 | D:6      | Found a hazy altar of Hepliaklqana.
  4249 | D:7      | Reached XP level 9. HP: 52/79 MP: 8/8
  4255 | D:7      | Noticed a troll
  4262 | D:7      | Killed a troll
  4284 | D:7      | Found a sand-covered staircase.
  4301 | Ossuary  | Entered an ossuary
  4338 | Ossuary  | Reached skill level 8 in Fighting
  4719 | D:7      | Found a burning altar of Makhleb.
  4876 | D:7      | Reached XP level 10. HP: 90/90 MP: 9/9
  4903 | D:7      | Found a runed translucent door.
  4904 | D:7      | Noticed Crazy Yiuf
  5128 | D:7      | Found an ancient bone altar of Kikubaaqudgha.
  5255 | D:7      | Killed Crazy Yiuf
  5334 | D:8      | Reached skill level 9 in Fighting
  5515 | D:8      | Found a staircase to the Lair.
  5672 | D:8      | Found a stormy altar of Qazlal.
  5735 | D:8      | Found a shimmering altar of Xom.
  6217 | D:8      | Paralysed by an orc warrior for 5 turns
  6265 | D:8      | Reached skill level 5 in Dodging
  6655 | D:9      | Reached skill level 10 in Armour
  7084 | D:9      | Reached skill level 10 in Fighting
  7084 | D:9      | Reached skill level 10 in Shields
  7090 | D:9      | Reached XP level 11. HP: 89/99 MP: 10/10
  7372 | D:10     | Entered Level 10 of the Dungeon
  7490 | D:10     | Found Tauzxuwn's Book Shoppe.
  7500 | D:10     | Found a staircase to the Orcish Mines.
  7709 | D:10     | Noticed a two-headed ogre
  7715 | D:10     | Killed a two-headed ogre
  7716 | D:10     | Reached skill level 10 in Axes
  7899 | D:10     | Noticed a two-headed ogre
  7906 | D:10     | Killed a two-headed ogre
  7907 | D:10     | Reached skill level 5 in Throwing
  7988 | D:10     | Found a glowing golden altar of the Shining One.
  8096 | D:11     | Noticed a boulder beetle
  8109 | D:11     | Killed a boulder beetle
  8110 | D:11     | Reached skill level 1 in Shapeshifting
  8335 | D:11     | Reached skill level 1 in Evocations
  8503 | D:11     | Gained mutation: You are dopey. (Int -2) [a neqoxec]
  8816 | D:12     | Reached skill level 11 in Fighting
  8988 | D:12     | Reached XP level 12. HP: 100/110 MP: 11/11
  9243 | D:12     | Noticed a boulder beetle
  9262 | D:12     | Killed a boulder beetle
  9607 | D:13     | Noticed a two-headed ogre
  9620 | D:13     | Killed a two-headed ogre
  9635 | D:13     | Noticed Kirke
  9647 | D:13     | Noticed a centaur warrior
  9649 | D:13     | Killed Kirke
  9655 | D:13     | Killed a centaur warrior
  9691 | D:13     | Noticed a vault guard
  9691 | D:13     | Noticed a vault guard
  9691 | D:13     | Noticed a vault guard
  9691 | D:13     | Noticed a vault guard
  9698 | D:13     | Noticed a vault guard
  9706 | D:13     | Killed a vault guard
  9707 | D:13     | Killed a vault guard
  9709 | D:13     | Noticed a vault guard
  9709 | D:13     | Killed a vault guard
  9709 | D:13     | Noticed a vault guard
  9711 | D:13     | Killed a vault guard
  9713 | D:13     | Killed a vault guard
  9715 | D:13     | Noticed a centaur warrior
  9739 | D:13     | Found a runed translucent gate.
  9739 | D:13     | Found a runed translucent gate.
  9739 | D:13     | Found a runed translucent gate.
  9769 | D:13     | Killed a vault guard
  9770 | D:13     | Reached skill level 12 in Fighting
  9995 | D:13     | Found a gate to the Vaults.
 10226 | D:13     | Killed a centaur warrior
 10236 | D:13     | Noticed a vault guard
 10249 | D:13     | Killed a vault guard
 10387 | D:13     | Killed a vault guard
 10388 | D:13     | Reached XP level 13. HP: 107/118 MP: 12/12
 10586 | D:13     | Noticed Fiwishre's ghost (journeyman DjFE)
 10688 | D:13     | Upgraded the game from 0.31-a0-851-g7ff8af7976 to
                  | 0.31-a0-859-g9dce7d3444
 10879 | D:14     | Noticed a frost giant
 10888 | D:14     | Killed a frost giant
 10953 | D:14     | Noticed a frost giant
 10964 | D:13     | Killed a frost giant
 11027 | D:14     | Paralysed by a centaur for 3 turns
 11491 | Lair:1   | Entered Level 1 of the Lair of Beasts
 11785 | Lair:1   | Noticed Fannar
 11800 | Lair:1   | Killed Fannar
 12045 | Lair:1   | Reached skill level 13 in Fighting
 12414 | Lair:2   | Found a staircase to the Swamp.
 12961 | Lair:2   | Found a hole to the Spider Nest.
 13047 | Lair:2   | Reached skill level 5 in Shapeshifting
 13396 | Lair:3   | Identified the +5 ring mail of the Turtledove {Regen+}
 13469 | Lair:3   | Reached XP level 14. HP: 123/129 MP: 13/13
 14238 | Lair:4   | Identified the +2 leather armour "Battu" {rF+}
 14241 | Lair:4   | Found a runed translucent door.
 14245 | Lair:4   | Found a viscous altar of Jiyva.
 14795 | Lair:4   | Found a staircase to the Slime Pits.
 14967 | Lair:5   | Entered Level 5 of the Lair of Beasts
 15140 | Lair:5   | Found the ring of the Octopus King
 15162 | Lair:5   | Reached skill level 14 in Fighting
 15162 | Lair:5   | Reached skill level 5 in Evocations
 15185 | Lair:5   | Identified a ring of the Octopus King {Fly HP+2 AC+2 EV+2
                  | SH+2}
 15219 | Lair:5   | Identified the ring "Semiotew" {Ice rElec rN+++ Str+2
                  | Dex-2}
 15330 | Lair:5   | Noticed Nessos
 15344 | Lair:5   | Killed Nessos
 16282 | Orc:1    | Entered Level 1 of the Orcish Mines
 16305 | Orc:1    | Reached XP level 15. HP: 136/139 MP: 14/14
 16463 | Orc:1    | Found a frozen archway.
 16496 | IceCv    | Entered an ice cave
 17109 | IceCv    | Identified a scroll of acquirement
 17112 | IceCv    | Acquired the +5 executioner's axe "Eta Gaiss" {heavy, MP+9}
 17408 | Orc:2    | Entered Level 2 of the Orcish Mines
 17477 | Orc:2    | Found a staircase to the Elven Halls.
 17488 | Orc:2    | Found Peyteg's Book Shoppe.
 17493 | Orc:2    | Found Xakiuh's Magic Scroll Shoppe.
 17679 | Orc:2    | Found Doumixt's Book Boutique.
 17686 | Orc:2    | Bought a scroll of acquirement for 780 gold pieces
 17686 | Orc:2    | Acquired the +7 broad axe of Heuq {distort, *Corrode rC++}
 17692 | Orc:2    | Found Oveivyic's Weapon Emporium.
 17806 | Orc:2    | Found Caosid's Jewellery Emporium.
 17824 | Orc:2    | Found Vodub's Armour Emporium.
 17832 | Orc:2    | Bought a +2 pair of boots of rampaging for 344 gold pieces
 17832 | Orc:2    | Bought the +4 Cigotuvi's embrace {Corpsefed rMiasma Drain
                  | rN+} for 441 gold pieces
 17832 | Orc:2    | Found the +4 Cigotuvi's embrace {Corpsefed rMiasma Drain
                  | rN+}
 18292 | Swamp:1  | Entered Level 1 of the Swamp
 18292 | Swamp:1  | Noticed Donald
 18294 | Swamp:1  | Reached skill level 15 in Fighting
 18311 | Swamp:1  | Killed Donald
 18384 | Swamp:1  | Reached skill level 15 in Armour
 18423 | Swamp:1  | Reached skill level 15 in Shields
 18889 | Swamp:1  | Reached skill level 15 in Axes
 18983 | Swamp:1  | Got an engraved book
 19187 | Swamp:2  | Noticed a thorn hunter
 19202 | Swamp:2  | Banished a thorn hunter
 19273 | Swamp:2  | Reached XP level 16. HP: 106/149 MP: 15/15
 20790 | Swamp:4  | Entered Level 4 of the Swamp
 20861 | Swamp:4  | Reached skill level 16 in Fighting
 20861 | Swamp:4  | Reached skill level 10 in Dodging
 20882 | Swamp:4  | Paralysed by a fenstrider witch for 5 turns
 20887 | Swamp:4  | Slain by an alligator

Illustrated notes

Levels and vault maps discovered:
D:1:      tarquinn_simple_flora_water_b, layout_basic
D:2:      layout_rooms, basic_altar, hex_large, kennysheep_nub, uniq_terence
D:3:      layout_loops_corners, cheibrodos_ashenzari_chains
D:4:      layout_gridville, nicolae_uskayaw_suspiria, minmay_ogre_servants
D:5:      layout_rooms, minmay_temple_entry_butterflies, chequers_mini_garden,
          hangedman_decor_diamond_cutter, kennysheep_small_circle
D:6:      layout_loops_ring, nicolae_hepliaklqana_monster_ancestors,
          dilly_guarded_unrand_morg
D:7:      layout_cave_pools, makhleb_heckhound_becter,
          kennysheep_vampire_church, enter_ossuary_1, minmay_manual_monstrance,
          uniq_crazy_yiuf_cottage
D:8:      layout_cave_pools, mainiacjoe_overflow_large_starburst,
          erik_lair_dragon, special_room [special_room_orc]
D:9:      layout_loops_corners, nrook_uturn, minmay_misc_feat_cross,
          chequers_serial_rivers_small_b, kennysheep_another_room
D:10:     layout_roguey, tso_oasis_becter, zombieorc2_lemuel, serial_shops, shop
D:11:     layout_loops_ring
D:12:     layout_long_grid, roderic_cross_of_infinity
D:13:     layout_basic, erik_vaults_2, gammafunk_ghost_spectres, uniq_kirke
D:14:     nzn_winding_woodlands_cross [nzn_winding_woodlands_5x15_zeroes,
          nzn_winding_woodlands_5x15_split_checker,
          nzn_winding_woodlands_5x15_river_crossing,
          nzn_winding_woodlands_5x15_pockets,
          nzn_winding_woodlands_15x15_thick_spiral], layout_rooms,
          kennysheep_nondescript
Temple:   jpeg_temple_clearing
Lair:1:   layout_regular_city, grunt_megastairs_2, uniq_fannar
Lair:2:   layout_hall_layers, swamp_mist, nicolae_spider_entry_lesser_pyramids
Lair:3:   layout_roguey [special_room_bee], grunt_megastairs_3,
          lemuel_fruit_tree
Lair:4:   layout_loops_ring, slime_entry_2
Lair:5:   gammafunk_lair_ancient_temple, layout_regular_city,
          grunt_megastairs_1, uniq_nessos
Swamp:1:  layout_basic_swamp, nicolae_swamp_trees_clearing,
          nicolae_swamp_necromancy_gone_wrong, uniq_donald
Swamp:2:  layout_basic_swamp, evilmike_swamp_ruin_rubble_1, swamp_pool3
Swamp:3:  layout_basic_swamp, nicolae_swamp_treefoil
Swamp:4:  byrel_swamp_growth_death_and_undeath, layout_basic_swamp
Orc:1:    layout_caves, portal_ice_cave_entry_ice_simulacra
Orc:2:    st_orc_open, layout_caves, serial_shops, shop_coins,
          nicolae_shop_pleasant_corner_grove, basic_altar

Skill      XL: |  1  2  3  4  5  6  7  8  9 10 11 12 13 14 15 16 |
---------------+-------------------------------------------------+-----
Fighting       | 4 5 6 7 8 10 11 12 13 14 15 16 | 16.0
Armour         | 4 5 6 7 8 10 11 12 13 14 15 | 15.8
Axes           | 3 4 5 7 8 9 10 11 13 14 15 | 15.7
Shields        | 4 5 6 7 8 10 11 12 13 14 15 | 15.8
Dodging        | 1 2 4 5 6 7 8 9 10 | 10.0
Throwing       | 1 2 3 4 5 6 |  6.0
Shapeshifting  | 2 3 5 6 7 |  7.8
Evocations     | 1 3 4 5 6 |  6.0

Action                     |  1- 3 |  4- 6 |  7- 9 | 10-12 | 13-15 | 16-18 || total
---------------------------+-------+-------+-------+-------+-------+-------++-------
  Melee: War axe           |    73 |   104 |   209 |   464 |   796 |       ||  1646
         Headbutt          |     6 |    17 |    45 |   109 |   239 |    38 ||   454
         Scimitar          |       |       |       |       |    10 |       ||    10
         Broad axe         |       |       |       |       |   164 |   199 ||   363
  Throw: Dart              |       |     8 |       |    45 |    36 |     6 ||    95
         Boomerang         |       |       |       |    17 |       |       ||    17
         Javelin           |       |       |       |     2 |       |       ||     2
 Invoke: Potion Petition   |       |       |       |       |     2 |       ||     2
  Evoke: Wand              |       |       |     1 |     2 |     2 |       ||     5
    Use: Potion            |       |     1 |     1 |     2 |     7 |       ||    11
         Scroll            |       |    13 |     1 |    11 |     9 |       ||    34
   Stab: Distracted        |       |       |     1 |     7 |    17 |       ||    25
         Paralysed         |       |       |       |     1 |     3 |       ||     4
         Petrifying        |       |       |       |       |     1 |       ||     1
         Petrified         |       |       |       |       |     1 |       ||     1
 Armour: Scale mail        |    47 |    76 |   136 |   305 |   147 |       ||   711
         Ring mail         |       |       |       |       |   350 |   158 ||   508
  Dodge: Dodged            |    33 |    44 |    78 |   204 |   361 |    69 ||   789
  Block: Buckler           |    15 |    32 |    42 |   133 |   171 |       ||   393
         Tower shield      |       |       |       |       |   249 |   142 ||   391

Table legend: (Time is in decaauts)
 A = Elapsed time spent in this place.
 B = Non-inter-level travel time spent in this place.
 C = Inter-level travel time spent in this place.
 D = Time resting spent in this place.
 E = Time spent auto-exploring this place.
 F = Levels seen in this place.
 G = Mean time per level.
                   A        B        C        D        E       F      G
               +--------+--------+--------+--------+--------+-----+--------+
         Total |  20911 |  19655 |   1256 |    276 |  14897 |  28 |  746.8 |
       Dungeon |  11396 |  10616 |    780 |    197 |   8125 |  14 |  814.0 |
        Temple |     88 |      8 |     80 |      0 |      0 |   1 |   88.0 |
          Lair |   4673 |   4426 |    247 |      0 |   3517 |   5 |  934.6 |
         Swamp |   2606 |   2523 |     83 |     43 |   1846 |   4 |  651.5 |
  Orcish Mines |   1013 |    948 |     65 |      0 |    701 |   2 |  506.5 |
       Ossuary |    320 |    320 |      0 |      0 |    179 |   1 |  320.0 |
      Ice Cave |    812 |    812 |      0 |     36 |    529 |   1 |  812.0 |
               +--------+--------+--------+--------+--------+-----+--------+

Top non-repeatable levels by time:
    D:13: 1461 daAuts
     D:8: 1347 daAuts
  Lair:5: 1090 daAuts
     D:9: 987 daAuts
  Lair:2: 955 daAuts
  Lair:1: 928 daAuts
     D:1: 919 daAuts
 Swamp:1: 911 daAuts
  Lair:3: 851 daAuts
  Lair:4: 847 daAuts
 Swamp:3: 825 daAuts
   IceCv: 812 daAuts
 Swamp:2: 777 daAuts
     D:3: 763 daAuts
     D:6: 762 daAuts
